 Dungeon Crawl Stone Soup version 0.16-a0-3074-gc0bb631 (webtiles) character file.

92 PolkaDot the Caller (level 4, 0/34 HPs)
             Began as a Vampire Summoner on Dec 11, 2014.
             Killed from afar by Grinder (8 damage)
             ... with a wand of flame
             ... while paralysed by Grinder
             ... on level 3 of the Dungeon.
             The game lasted 00:07:06 (1765 turns).

PolkaDot the Caller (Vampire Summoner)              Turns: 1765, Time: 00:07:06

Health: 0/34       AC:  4    Str:  7    XL:     4   Next: 35%
Magic:  1/7        EV:  2    Int: 18    God:
Gold:   144        SH:  0    Dex: 14    Spells: 3 memorised, 1 level left

rFire  . . .     SeeInvis +     e - +0 short sword
rCold  . . .     Clarity  .     k - +0 leather armour
rNeg   . . .     SustAb   .     (no shield)
rPois  .         Gourm    .     m - +0 helmet
rElec  .         Spirit   .     (no cloak)
rCorr  .         Warding  .     (no gloves)
rMut   .         Stasis   .     (no boots)
MR     .....                    (no amulet)
Stlth  ++........               (no ring)
                                d - ring of flight

@: paralysed, very slightly contaminated, regenerating very quickly, not
resistant to hostile enchantments, unstealthy
A: bottle blood, fangs 3, see invisible, unbreathing
a: Evoke Flight


You were on level 3 of the Dungeon.
You were almost alive.

You visited 1 branch of the dungeon, and saw 3 of its levels.

You collected 144 gold pieces.

Inventory:

Hand weapons
 e - a +0 short sword (weapon)
 n - a +1 dagger of venom
Armour
 k - a +0 leather armour (worn)
 m - a +0 helmet (worn)
Jewellery
 d - a ring of flight (left hand)
Magical devices
 a - a wand of frost (14)
Scrolls
 f - 4 scrolls of identify {unknown}
 g - a scroll of fog {unknown}
 h - a scroll of enchant armour {unknown}
 i - a scroll of immolation {unknown}
 l - a scroll of remove curse {unknown}
Potions
 c - 2 potions of curing
 j - 3 potions of blood {@*1}
Books
 b - a book of Callings

   Spells                             Type                      Level
   a - Summon Small Mammal            Summoning                    1
   b - Call Imp                       Summoning                    2
   c - Call Canine Familiar           Summoning                    3
   d - Summon Guardian Golem          Hexes/Summoning              4
   e - Summon Lightning Spire         Summoning/Air                4
   f - Summon Ice Beast               Ice/Summoning                4


   Skills:
 * Level 2.5 Fighting
 + Level 1.1 Armour
 - Level 2.1 Dodging
 - Level 3.0 Stealth
 - Level 2.0 Spellcasting
 - Level 4.0 Summonings
 - Level 2.0 Evocations


You had one spell level left.
You knew the following spells:

 Your Spells              Type           Power        Failure   Level  Hunger
a - Summon Small Mammal   Summ           ###.         3%          1    #......
d - Call Canine Familiar  Summ           ###.....     12%         3    ###....
s - Call Imp              Summ           ###.....     6%          2    ###....


Dungeon Overview and Level Annotations

Branches:
Dungeon (3/15)

Altars:

Annotations:
D:3 Grinder


Innate Abilities, Weirdness & Mutations

Your natural rate of healing is extremely fast.
You can bottle blood from corpses.
You have razor-sharp teeth.
You have supernaturally acute eyesight.
You can survive without breathing.


Message History

The puff of frost hits Grinder.
Grinder resists.
Grinder is almost dead.
This wand has 15 charges left.
Grinder gestures at you. Pain shoots through your body!
* * * LOW HITPOINT WARNING * * *
Evoke which item? (* to show all) (? for menu, Esc to quit)
Zapping:
a - a wand of frost (15)
Press: ? - help, Shift-Dir - straight line, f/p - Grinder
Aim: Grinder, carrying a wand of flame {zapped: 16} (almost dead)
The puff of frost hits Grinder.
Grinder resists.
Grinder is almost dead.
This wand has 14 charges left.
Grinder gestures at you.
You suddenly lose the ability to move!
Grinder zaps a wand.
The puff of flame hits you!
* * * LOW HITPOINT WARNING * * *
Grinder zaps a wand.
Helpless, you fail to dodge the puff of flame.
You die...

### #.. . #.###. #.#...
####.#.### # g......#<#
#.#####...#)#
#####.........))##.#.###
........@..........."...
....#####.#....###.#.#.#
#.#####..# .. #.5 ..# .#
...# .## # ...# .. ..#.#
.. .. .. ### # .


You could see Grinder.

Vanquished Creatures
  Robin (D:2)
  An adder (D:2)
  4 orcs (D:3)
  4 bats
  9 hobgoblins
  4 jackals (D:2)
  3 kobolds
  A ball python (D:2)
  2 giant cockroaches
  2 giant geckos (D:2)
  11 goblins
  8 rats
50 creatures vanquished.

Vanquished Creatures (collateral kills)
  An adder (D:2)
  A worm (D:2)
  A giant gecko (D:1)
  2 goblins (D:3)
  2 hobgoblins (D:1)
  2 giant newts (D:1)
  2 kobolds (D:1)
11 creatures vanquished.

Vanquished Creatures (others)
  2 hounds (D:3)
  A white imp (D:3)
3 creatures vanquished.

Grand Total: 64 creatures vanquished

Notes
Turn   | Place    | Note
--------------------------------------------------------------
     0 | D:1      | PolkaDot, the Vampire Summoner, began the quest for the Orb.
     0 | D:1      | Reached XP level 1. HP: 13/13 MP: 3/3
     6 | D:1      | Noticed a komodo dragon
     6 | D:1      | Noticed an anaconda
     6 | D:1      | Noticed a lindwurm
   113 | D:1      | Reached skill level 1 in Fighting
   392 | D:1      | Reached XP level 2. HP: 18/21 MP: 4/4
   396 | D:1      | Learned a level 2 spell: Call Imp
   428 | D:1      | Reached skill level 1 in Evocations
   925 | D:2      | Reached XP level 3. HP: 27/27 MP: 6/6
  1080 | D:2      | Learned a level 3 spell: Call Canine Familiar
  1463 | D:3      | Noticed Robin
  1482 | D:3      | Reached XP level 4. HP: 23/34 MP: 7/7
  1501 | D:3      | Noticed Grinder
  1510 | D:3      | Reached skill level 1 in Armour
  1524 | D:2      | Killed Robin
  1754 | D:3      | Paralysed by Grinder for 7 turns
  1763 | D:3      | Paralysed by Grinder for 7 turns
  1765 | D:3      | Killed from afar by Grinder

Action                   |  1- 3 |  4- 6 || total
-------------------------+-------+-------++-------
Melee: Short sword       |   152 |    42 ||   194
       Unarmed           |    19 |       ||    19
       Dagger            |       |     7 ||     7
 Cast: Summon Small Mamm |     7 |     1 ||     8
       Call Imp          |     8 |     3 ||    11
       Call Canine Famil |       |     3 ||     3
Evoke: Wand              |       |     5 ||     5
  Use: Potion            |     5 |     6 ||    11
 Stab: Sleeping          |     8 |       ||     8
  Eat: Corpse            |     9 |       ||     9
